 Dungeon Crawl Stone Soup version 0.30-a0-39-g42789b21ef (webtiles) character file.

Game seed: 9815988255518330418

64 lesbiats the Conjurer (level 3, -1/29 HPs)
             Began as a Draconian Conjurer on Aug 28, 2022.
             Slain by Terence
             ... wielding a +4 vampiric trident
              (10 damage)
             ... on level 2 of the Dungeon.
             The game lasted 00:05:33 (2301 turns).

lesbiats the Conjurer (Draconian Conjurer)          Turns: 2301, Time: 00:05:34

Health: -1/29      AC:  6    Str:  9    XL:     3   Next: 91%
Magic:  2/6        EV: 12    Int: 20    God:
Gold:   90         SH:  0    Dex:  9    Spells: 4/7 levels left

rFire   . . .      SeeInvis .    m - +0 short sword
rCold   . . .      Faith    .    (no shield)
rNeg    . . .      Spirit   .    (body armour unavailable)
rPois   .          Reflect  .    (helmet restricted)
rElec   .          Harm     .    (no cloak)
rCorr   .          Rampage  .    (no gloves)
Will    .....                    p - +0 pair of boots
Stlth   ++........               (no amulet)
HPRegen 0.09/turn                (no ring)
MPRegen 0.10/turn                (no ring)

@: no status effects
A: AC +5, unfitting armour, cold-blooded
a: no special abilities


You were on level 2 of the Dungeon.
You visited 1 branch of the dungeon, and saw 2 of its levels.

You collected 90 gold pieces.

Inventory:

Hand Weapons
 d - a +0 whip
 m - a +0 short sword (weapon)
Missiles
 b - 29 stones
 q - 6 boomerangs
Armour
 p - a +0 pair of boots (worn)
Scrolls
 e - 2 scrolls of poison {unknown}
 h - 5 scrolls of identify {unknown}
 i - 2 scrolls of fear {unknown}
 j - a scroll of vulnerability {unknown}
 k - a scroll of immolation {unknown}
 n - 3 scrolls of teleportation {unknown}
 o - a scroll of amnesia {unknown}
Potions
 a - a potion of magic
 c - a potion of curing {unknown}
 f - a potion of invisibility {unknown}
 g - 2 potions of mutation {unknown}
 l - a potion of flight {unknown}


   Skills:
 + Level 1.6 Fighting
 - Level 1.7 Dodging
 - Level 1.7 Stealth
 + Level 2.5 Spellcasting
 * Level 4.8 Conjurations


You had 4 spell levels left.
You knew the following spells:

 Your Spells              Type           Power      Damage    Failure   Level
a - Magic Dart            Conj           88%        1d7       1%          1
b - Searing Ray           Conj           44%        2d6       3%          2

Your spell library contained the following spells:

 Spells                   Type           Power      Damage    Failure   Level
 Dazzling Flash           Conj/Hex       24%        N/A       16%         3
 Fulminant Prism          Conj/Hex       6%         3d7       47%         4
 Iskenderun's Mystic Bla  Conj/Tloc      12%        2d5       47%         4


Dungeon Overview and Level Annotations

Branches:
Dungeon (2/15)

Altars:

Annotations:
D:2 Terence


Innate Abilities, Weirdness & Mutations

Your plain brown scales are hard. (AC +5)
You cannot fit into any form of body armour.
You are cold-blooded and may be slowed by cold attacks.


Message History

The searing ray hits Terence.
Terence is moderately wounded.
Terence misses you.
The searing ray hits Terence.
Terence is moderately wounded.
Terence barely misses you.
The searing ray misses Terence.
You finish channelling your searing ray.
Terence hits you but does no damage.
Terence hits you from afar with a +4 vampiric trident!
Terence draws strength from your wounds!
There is a stone staircase leading down here.
Terence shouts, "Get ready for death!"
Casting: Searing Ray (safe; 3% risk of failure)
Confirm with . or Enter, or press ? or * to list all spells.
Aiming: Searing Ray (safe; 3% risk of failure)
Press: ? - help, Shift-Dir - straight line, f/p - Terence
Aim: Terence, wielding a +4 vampiric trident and wearing a +0 ring mail (lightly wounded, 81% to hit)
The searing ray hits Terence.
Terence is moderately wounded. (Press . to maintain the ray.) Terence closely misses you.
The searing ray hits Terence.
Terence is heavily wounded.
Terence hits you from afar with a +4 vampiric trident.
The searing ray hits Terence.
Terence is severely wounded.
Terence closely misses you.
The searing ray hits Terence but does no damage.
Terence is severely wounded.
You finish channelling your searing ray.
Terence hits you from afar with a +4 vampiric trident.
Terence hits you from afar with a +4 vampiric trident!
* * * LOW HITPOINT WARNING * * *
Terence draws strength from your wounds!
Terence bares his teeth.
Terence closely misses you. Terence attacks as you move away!
Terence hits you with a +4 vampiric trident!
You die...

#......## #.####..#
#.#####.#####
#............
###.#####....
#.........#
#########...###.###
#.............#....
#.@.......#...#####
#..@......###.###
#...............#
#.............#.##
#.............#..##
#######+#.....##..#
#.....###..
#.....#####
.######.....


You could see Terence.

Vanquished Creatures
  2 gnolls (D:1)
  A dart slug (D:1)
  An endoplasm (D:2)
  3 giant cockroaches (D:2)
  6 hobgoblins (D:1)
  2 jackals (D:2)
  2 quokkas
  3 ball pythons
  3 bats
  A frilled lizard (D:1)
  3 goblins (D:1)
  9 kobolds
  3 rats
39 creatures vanquished.

Notes
Turn   | Place    | Note
-------+----------+-------------------------------------------
     0 | D:1      | lesbiats the Draconian Conjurer began the quest for the
                  | Orb.
     0 | D:1      | Reached XP level 1. HP: 14/14 MP: 3/3
   151 | D:1      | Reached XP level 2. HP: 22/22 MP: 0/5
   391 | D:1      | Reached skill level 1 in Fighting
   599 | D:1      | Reached XP level 3. HP: 5/28 MP: 0/6
  1067 | D:1      | Learned a level 2 spell: Searing Ray
  1262 | D:1      | Found a faded altar of an unknown god.
  2222 | D:2      | Noticed Terence
  2301 | D:2      | Slain by Terence

Illustrated notes

Levels and vault maps discovered:
D:1:      amcnicky_arrival_choice, layout_basic,
          chequers_ecumenical_altar_simple, kennysheep_flooded_box
D:2:      layout_basic, uniq_terence

Skill      XL: |  1  2 |
---------------+-------+-----
Fighting       | 1 |  1.6
Dodging        | |  1.7
Stealth        | |  1.7
Spellcasting   | |  2.5
Conjurations   | |  4.8

Action                   || total
-------------------------++-------
Melee: Whip              ||     7
       Tailslap          ||     2
       Short sword       ||    30
 Cast: Magic Dart        ||    59
       Searing Ray       ||     3
Armor: Skin              ||    15
Dodge: Dodged            ||    42

Table legend: (Time is in decaauts)
 A = Elapsed time spent in this place.
 B = Non-inter-level travel time spent in this place.
 C = Inter-level travel time spent in this place.
 D = Time resting spent in this place.
 E = Time spent auto-exploring this place.
 F = Levels seen in this place.
 G = Mean time per level.
                   A        B        C        D        E       F      G
               +--------+--------+--------+--------+--------+-----+--------+
         Total |   2303 |   2219 |     84 |    565 |   1280 |   2 | 1151.5 |
       Dungeon |   2303 |   2219 |     84 |    565 |   1280 |   2 | 1151.5 |
               +--------+--------+--------+--------+--------+-----+--------+

Top non-repeatable levels by time:
     D:1: 1447 daAuts
     D:2: 856 daAuts
